Map: Traitor's Exile

Players

PureLegacy - Winner!

  • Race: Terran Terran
  • League: Master
  • Spawn Location: 9:00

Chumbi - Winner!

  • Race: Zerg Zerg
  • League: Diamond
  • Spawn Location: 12:00

Gummo

  • Race: Terran Terran
  • League: Diamond
  • Spawn Location: 6:00

Rolo

  • Race: Zerg Zerg
  • Spawn Location: 5:00

VOD

Have the link to the VOD?

Description

Time

  • Played on: Dec. 6, 2018, 1:31 p.m.
  • Length: 5:09
Show
View Real Time Build Order
Export as new Build Order

PureLegacy Terran - Winner!

Build Orders:  

Get SALT Encoding   

  12  0:03  SCV  
  13  0:15  SCV  
  13  0:18  Supply Depot  
  14  0:27  SCV  
  15  0:30  Refinery  
  15  0:40  SCV  
  16  0:47  Barracks  
  16  0:52  SCV  
  17  1:05  Barracks  
  17  1:19  Barracks  
  17  1:24  SCV  
  18  1:37  Reaper  
  19  1:42  Orbital Command  
  20  1:54  Reaper  
  20  1:56  Refinery  
  20  2:02  Supply Depot  
  20  2:07  Reaper  
  21  2:10  Reaper  
  22  2:16  SCV  
  23  2:26  Reaper  
  23  2:28  SCV  
  25  2:39  Reaper  
  25  2:40  Supply Depot  
  25  2:45  Reaper  
  25  2:51  SCV  
  27  3:00  Reaper  
  27  3:03  SCV  
  29  3:11  Reaper  
  30  3:15  SCV  
  31  3:23  Reaper  
  31  3:24  Command Center  
  32  3:27  SCV  
  33  3:39  Reaper  
  34  3:44  Reaper  
  34  3:47  Barracks  
  34  3:48  Barracks  
  34  4:05  Reaper  
  35  4:11  Reaper, SCV  
  35  4:16  Supply Depot  
  37  4:30  Reaper  
  32  4:34  Reaper x2  
  32  4:36  SCV  
  37  4:49  SCV  
  38  5:00  Refinery  
  38  5:03  Refinery  
Show
View Real Time Build Order
Export as new Build Order

Chumbi Zerg - Winner!

Build Orders: Pool First 

Get SALT Encoding   

  12  0:01  Drone  
  13  0:08  Drone  
  14  0:19  Extractor  
  13  0:30  Spawning Pool  
  13  0:34  Drone  
  13  0:38  Drone  
  14  0:45  Extractor  
  14  0:46  Drone  
  15  0:53  Overlord  
  15  1:17  Zergling x4  
  15  1:18  Zergling x2  
  18  1:26  Metabolic Boost  
  18  1:29  Zergling x2  
  19  1:33  Queen  
  21  1:40  Zergling x2  
  22  2:07  Overlord  
  22  2:08  Hatchery  
  21  2:16  Zergling x2  
  22  2:34  Zergling x6  
  21  2:45  Zergling x6  
  24  2:54  Zergling x2  
  25  3:00  Zergling x2  
  26  3:11  Zergling x2  
  27  3:25  Zergling x10  
  30  3:37  Zergling x4  
  32  3:41  Queen  
  26  4:11  Zergling x10  
  26  4:12  Zergling x2  
  24  4:25  Zergling x4  
  24  4:26  Zergling x4  
  28  4:48  Zergling x6  
  28  4:49  Zergling x2  
Show
View Real Time Build Order
Export as new Build Order

Gummo Terran 

Build Orders:  

Get SALT Encoding   

  12  0:01  SCV  
  13  0:13  SCV  
  14  0:19  Supply Depot  
  14  0:25  SCV  
  15  0:32  Refinery  
  15  0:40  SCV  
  16  0:47  Barracks  
  16  0:50  Barracks  
  16  0:55  SCV  
  17  1:07  SCV  
  18  1:14  Barracks  
  18  1:20  SCV  
  19  1:32  Barracks  
  20  1:40  Reaper  
  20  1:45  SCV  
  21  1:49  Refinery  
  21  2:00  Supply Depot  
  21  2:02  Reaper  
  22  2:12  Reaper  
  23  2:34  Reaper  
  24  2:40  Reaper  
  24  2:44  Reaper  
  25  3:00  SCV, Command Center  
  26  3:07  Reaper  
  26  3:12  Reaper  
  28  3:16  Reaper  
  28  3:17  Supply Depot  
  27  3:41  Reaper  
  27  3:44  Reaper  
  27  3:48  Factory  
  10  4:31  Reaper x2  
  9  4:36  Reaper  
  10  4:39  Factory Tech Lab  
  10  4:42  SCV  
Show
View Real Time Build Order
Export as new Build Order

Rolo Zerg 

Build Orders: Pool First 

Get SALT Encoding   

  12  0:01  Drone  
  13  0:13  Overlord  
  13  0:18  Drone  
  14  0:32  Drone x2  
  14  0:35  Extractor  
  15  0:45  Spawning Pool  
  15  0:48  Drone  
  15  0:52  Drone  
  16  1:19  Hatchery  
  15  1:28  Drone  
  16  1:37  Queen  
  18  1:45  Metabolic Boost  
  18  1:50  Drone  
  18  1:53  Zergling x2  
  20  2:05  Overlord  
  20  2:06  Zergling x2  
  21  2:12  Baneling Nest  
  20  2:16  Zergling x2  
  21  2:25  Zergling x2  
  19  2:46  Zergling x4  
  19  2:47  Zergling x6  
  24  2:59  Baneling  
  24  3:00  Baneling, Zergling x2  
  25  3:14  Hatchery  
  25  3:15  Zergling x2  
  25  3:24  Zergling x6  
  26  3:41  Zergling x4  
  28  3:56  Zergling x2  
  28  3:57  Zergling x2  
  27  4:06  Zergling x2  
  27  4:07  Zergling x4  
  25  4:11  Baneling x2  
  25  4:12  Baneling x2  
  23  4:32  Zergling x2  
  23  4:33  Zergling x4  
  22  4:46  Zergling x6  
  22  4:48  Zergling x6  
Tags
 
Add a new tag
Caveats
  • Supply blocks, unpowered buildings, or Contaminate may cause inaccurate times.
  • Supply counts are checked every 10 seconds.